 Dungeon Crawl Stone Soup version 0.30-a0-1066-g63dfefce0d (webtiles) character file.

Game seed: 10579201721911304249

45 retardedninja the Trooper (level 3, -5/34 HPs)
             Began as a Naga Fighter on Apr 12, 2023.
             Slain by a gnoll
             ... wielding a +0 halberd
              (16 damage)
             ... on level 2 of the Dungeon.
             The game lasted 00:01:22 (630 turns).

retardedninja the Trooper (Naga Fighter)             Turns: 630, Time: 00:01:23

Health: -5/34      AC:  4    Str: 20    XL:     3   Next: 64%
Magic:  3/3        EV:  7    Int:  8    God:
Gold:   41         SH:  4    Dex: 10    Spells: 2/2 levels left

rFire   . . .      SeeInvis +    a - +0 war axe
rCold   . . .      Faith    .    c - +0 buckler
rNeg    . . .      Spirit   .    b - +0 scale mail
rPois   +          Reflect  .    (no helmet)
rElec   .          Rampage  .    (no cloak)
rCorr   .                        (no gloves)
Will    .....                    (no barding) Stlth
                                 (no amulet)
HPRegen 0.25/turn                (no ring)
MPRegen 0.08/turn                (no ring)

@: very slow
A: AC +1, large, see invisible, deformed body, poison resistance, slowness 2,
spit poison 1, naga tail 1
a: Spit Poison


You were on level 2 of the Dungeon.
You visited 1 branch of the dungeon, and saw 2 of its levels.

You collected 41 gold pieces.

Inventory:

Hand Weapons
 a - a +0 war axe (weapon)
Armour
 b - a +0 scale mail (worn)
 c - a +0 buckler (worn)
Jewellery
 f - a ring of ice
Scrolls
 g - a scroll of blinking {unknown}
Potions
 d - a potion of might
 e - a potion of curing {unknown}
 h - a potion of haste {unknown}
 i - a potion of heal wounds {unknown}


   Skills:
 + Level 3.4 Fighting
 + Level 2.5 Axes
 + Level 2.8 Armour
 + Level 3.1 Shields


You had 2 spell levels left.
You didn't know any spells.
Your spell library was empty.

Dungeon Overview and Level Annotations

Branches:
Dungeon (2/15)

Altars:


Innate Abilities, Weirdness & Mutations

Your serpentine skin is tough. (AC +1)
You have supernaturally acute eyesight. (SInv)
Armour fits poorly on your strangely shaped body.
Your system is resistant to poisons. (rPois)
You cover ground very slowly.
You can spit poison.
You have a snake-like lower body.


Message History

You kill the rat!
Done exploring.
No target in view!
Done exploring.
No target in view!
Done exploring.
There is a stone staircase leading down here.
You climb downwards.
The gnoll shouts! x3; You hear a shout!
Found 7 stones and 4 gold pieces.
There is a stone staircase leading up here.
The gnoll hits you with a +0 whip.
There are monsters nearby!
There are monsters nearby!
You slash the gnoll!
The gnoll is almost dead.
A gnoll comes into view. It is wielding a +0 halberd.
The gnoll barely misses you.
You hit the gnoll.
You kill the gnoll!
You hit the gnoll.
The gnoll is moderately wounded.
The gnoll hits you with a +0 club.
Unknown command.
You closely miss the gnoll.
The gnoll is moderately wounded.
You hit the gnoll but do no damage. The gnoll hits you with a +0 flail.
The gnoll closely misses you. The gnoll hits you but does no damage.
The gnoll hits you from afar with a +0 halberd.
The gnoll hits you with a +0 flail!
You are too injured to fight recklessly!
Unknown command.
You are too injured to fight recklessly!
Unknown command.
You are too injured to fight recklessly!
You closely miss the gnoll.
The gnoll is moderately wounded.
You closely miss the gnoll. The gnoll hits you with a +0 flail.
The gnoll hits you from afar with a +0 halberd!
You die...

...###
.....##
...... .....
...# ###...#
##.###<...#
#....(..@g.#
#.#.###g.).#
#.g..#
..#...$
......#.#
#..........
...#.###.###
#..# .#


You could see 3 gnolls.

Vanquished Creatures
  A gnoll (D:2)
  2 dart slugs (D:1)
  2 bats (D:1)
  3 endoplasms (D:1)
  2 goblins (D:1)
  4 hobgoblins (D:1)
  A quokka (D:1)
  4 ball pythons (D:1)
  A frilled lizard (D:1)
  5 kobolds (D:1)
  4 rats (D:1)
29 creatures vanquished.

Notes
Turn   | Place    | Note
-------+----------+-------------------------------------------
     0 | D:1      | retardedninja the Naga Fighter began the quest for the Orb.
     0 | D:1      | Reached XP level 1. HP: 21/21 MP: 1/1
    61 | D:1      | Reached XP level 2. HP: 20/28 MP: 2/2
   365 | D:1      | Reached XP level 3. HP: 26/34 MP: 3/3
   630 | D:2      | Slain by a gnoll

Illustrated notes

Levels and vault maps discovered:
D:1:      zelgadis_glass_arrival_large, layout_rooms
D:2:      layout_loops_ring, minivault_24, minmay_vboxes

Skill      XL: |  1  2 |
---------------+-------+-----
Shields        | 3 |  3.1
Fighting       | |  3.4
Axes           | |  2.5
Armour         | |  2.8

Action                     || total
---------------------------++-------
  Melee: War axe           ||    75
 Armour: Scale mail        ||    37
  Dodge: Dodged            ||    48
  Block: Buckler           ||    17

Table legend: (Time is in decaauts)
 A = Elapsed time spent in this place.
 B = Non-inter-level travel time spent in this place.
 C = Inter-level travel time spent in this place.
 D = Time resting spent in this place.
 E = Time spent auto-exploring this place.
 F = Levels seen in this place.
 G = Mean time per level.
                   A        B        C        D        E       F      G
               +--------+--------+--------+--------+--------+-----+--------+
         Total |    798 |    776 |     22 |      0 |    565 |   2 |  399.0 |
       Dungeon |    798 |    776 |     22 |      0 |    565 |   2 |  399.0 |
               +--------+--------+--------+--------+--------+-----+--------+

Top non-repeatable levels by time:
     D:1: 791 daAuts
     D:2: 7 daAuts
